 Dungeon Crawl Stone Soup version 0.13-a0-2557-g7ea0453 (webtiles) character file.

109 Edern76 the Exhumer (level 3, -1/29 HPs)
             Began as a Draconian Death Knight on July 29, 2013.
             Was a Follower of Yredelemnul.
             Slain by a giant gecko (5 damage)
             ... while paralysed by a giant eyeball
             ... on Level 4 of the Dungeon.
             The game lasted 00:16:36 (1538 turns).

Edern76 the Exhumer (Draconian Death Knight)        Turns: 1538, Time: 00:16:36

HP  -1/29        AC  6     Str 16      XL: 3   Next: 16%
MP   5/5         EV  2     Int 11      God: Yredelemnul [*.....]
Gold 74          SH  0     Dex 10      Spells:  0 memorised,  2 levels left

Res.Fire  : . . .   See Invis. : .   b - +2,+0 mace (crush)
Res.Cold  : . . .   Warding    : .   (armour unavailable)
Life Prot.: . . .   Conserve   : .   g - +0 buckler
Res.Poison: .       Res.Corr.  : .   (helmet restricted)
Res.Elec. : .       Clarity    : .   (no cloak)
Sust.Abil.: . .     Spirit.Shd : .   (no gloves)
Res.Mut.  : .       Stasis     : .   h - +0 pair of boots
Res.Rott. : .       Flight     : .   (no amulet)
Saprovore : . . .                    (no ring)
                                     (no ring)

@: paralysed, not resistant to hostile enchantments, unstealthy
A: unfitting armour, AC +5
a: Animate Remains, Renounce Religion


You were on level 4 of the Dungeon.
You worshipped Yredelemnul.
Yredelemnul was most pleased with you.
You were not hungry.

You visited 1 branch of the dungeon, and saw 4 of its levels.

You collected 54 gold pieces.

Inventory:

Hand weapons
 a - a +1,+1 hand axe {=f}
 b - a +2,+0 mace of crushing (weapon)
Missiles
 e - 4 darts of flame (quivered)
Armour
 g - a +0 buckler (worn)
 h - a +0 pair of boots (worn)
Comestibles
 c - 2 bread rations
Scrolls
 d - 3 scrolls of teleportation
Potions
 f - a potion of curing {unknown}


   Skills:
 + Level 2.5 Fighting
 + Level 2.1 Axes
 + Level 0.4 Maces & Flails
 + Level 2.1 Dodging
 + Level 0.2 Shields
 + Level 3.5 Invocations


You had 2 spell levels left.
You didn't know any spells.

Dungeon Overview and Level Annotations

Branches:
Dungeon (4/27)
 Temple: D:4-7

Altars:


Message History

You block the giant gecko's attack.
The hobgoblin hits you with an orcish club.
The giant gecko barely misses you. The hobgoblin misses you.
Your shield prevents you from hitting the giant eyeball.
The giant eyeball is heavily wounded.
The giant gecko closely misses you. The hobgoblin misses you.
The giant gecko bites you.
* * * LOW HITPOINT WARNING * * *
You hit the giant eyeball.
The giant eyeball is almost dead.
The giant gecko bites you but does no damage.
The hobgoblin hits you but does no damage.
The giant eyeball stares at you.
You suddenly lose the ability to move!
The giant gecko bites you.
* * * LOW HITPOINT WARNING * * *
The hobgoblin hits you but does no damage.
The giant gecko bites you but does no damage.
The giant gecko bites you.
You die...
Your body rises from the dead as a mindless zombie.

... .....# ......##
........##########
..........##.#....$#
...........#........
...................#
.........g...........#
.......G@l..<........#
.....................#
...................#
............).......
....................
..................
................
..............
........


You could see a giant eyeball, a giant gecko and a hobgoblin.

Vanquished Creatures
  A ball python (D:3)
  A giant cockroach (D:1)
  2 hobgoblins
  3 jackals (D:3)
  4 bats
  7 goblins
  7 kobolds
  5 rats
30 creatures vanquished.

Vanquished Creatures (collateral kills)
  A giant newt (D:1)
  A goblin (D:1)
  2 rats
4 creatures vanquished.

Vanquished Creatures (others)
  A jackal zombie (D:3)
  2 rat zombies (D:3)
3 creatures vanquished.

Grand Total: 37 creatures vanquished

Notes
Turn   | Place    | Note
--------------------------------------------------------------
     0 | D:1      | Edern76, the Draconian Death Knight, began the quest for the Orb.
     0 | D:1      | Reached XP level 1. HP: 17/17 MP: 2/2
   288 | D:1      | Reached XP level 2. HP: 24/24 MP: 4/4
  1119 | D:3      | Reached XP level 3. HP: 8/29 MP: 2/5
  1530 | D:4      | Paralysed by a giant eyeball for 4 turns
  1536 | D:4      | Paralysed by a giant eyeball for 3 turns
  1538 | D:4      | Slain by a giant gecko

Action                   || total
-------------------------++-------
Melee: Mace              ||    91
Invok: Animate Remains   ||     8
  Use: Scroll            ||     6
